 Dungeon Crawl Stone Soup version 0.23-a0-310-gdcc7a32 (webtiles) character file.

263 namelastname112 the Slasher (level 5, 0/73 HPs)
             Began as a Draconian Gladiator on Oct 12, 2018.
             Slain by a bat (1 damage)
             ... in a sewer.
             The game lasted 00:05:37 (2434 turns).

namelastname112 the Slasher (Draconian Gladiator)   Turns: 2434, Time: 00:05:38

Health: 0/73       AC: 22    Str: 17    XL:     5   Next: 98%
Magic:  5/5        EV:  2    Int:  8    God:
Gold:   103        SH:  0    Dex: 22    Spells: 4/4 levels left

rFire    . . .     SeeInvis .   t - +3 short sword
rCold    . . .     Gourm    +   (no shield)
rNeg     + + +     Faith    .   (armour unavailable)
rPois    +         Spirit   .   (helmet currently unavailable)
rElec    .         Reflect  .   (cloak currently unavailable)
rCorr    .         Harm     .   (gloves currently unavailable)
MR       .....     NoTele   +   (boots currently unavailable)
Stlth    +++.......             l - amulet of the gourmand
HPRegen  0.00/turn              i - +3 ring of evasion
MPRegen  0.09/turn              s - +4 ring of dexterity

@: agile, tree-form (expiring)
A: unfitting armour, robust 1, inhibited regeneration, wild magic 1, AC +5
a: no special abilities


You were in a sewer.
You were very full.
You were a tree.
You visited 1 branch of the dungeon, and saw 4 of its levels.
You also visited: Sewer.

You collected 103 gold pieces.

Inventory:

Hand Weapons
 a - a +0 long sword
 t - a +3 short sword (weapon)
Missiles
 c - 2 throwing nets (quivered)
Armour
 b - a +0 hat (melded)
Jewellery
 i - a +3 ring of evasion (left branch)
 l - an amulet of the gourmand (around neck)
 s - a +4 ring of dexterity (right branch)
Scrolls
 f - 2 scrolls of identify
 h - a scroll of noise
 j - 3 scrolls of remove curse {unknown}
 o - a scroll of enchant armour {unknown}
 p - 2 scrolls of amnesia {unknown}
 r - a scroll of magic mapping {unknown}
 v - a scroll of teleportation
Comestibles
 d - 4 rations
 q - 4 chunks of flesh


   Skills:
 + Level 3.6 Fighting
 * Level 4.8 Long Blades
 + Level 3.0 Throwing
 + Level 3.6 Dodging


You had 4 spell levels left.
You didn't know any spells.
Your spell library was empty.

Dungeon Overview and Level Annotations

Branches:
Dungeon (4/15)
 Temple: D:4-7

Altars:
Ashenzari
Fedhas
Nemelex Xobeh
Sif Muna
Uskayaw


Innate Abilities, Weirdness & Mutations

((Your plain brown scales are hard. (AC +5)))
You cannot fit into any form of body armour.
((You are cold-blooded and may be slowed by cold attacks.))
((Your flesh is heat resistant. (rF+)))
You are robust. (+10% HP)
You do not regenerate when monsters are visible.
Your spells are a little harder to cast, but a little more powerful.


Message History

You feel sick. The bat hits you but does no damage.
You take 1 damage, and have 2/73 hp.
You cannot move.
The bat hits you but does no damage. The bat hits you but does no damage.
The bat barely misses you.
You miss the bat.
* * * LOW HITPOINT WARNING * * *
You feel sick.
You are no longer poisoned.
The bat hits you but does no damage.
You take 1 damage, and have 1/73 hp.
The bat hits you but does no damage.
You barely miss the bat.
Your transformation is almost over.
The bat barely misses you. The bat hits you but does no damage.
The bat hits you but does no damage. The bat hits you.
You die...

### ##.##
#.♣.#
#..b..#
#...≈...#
#..≈≈≈..#
#.≈≈≈≈≈.#
#..≈≈≈..#
#...≈...#
##.....##


You could see a bat.

Vanquished Creatures
  A sky beast (D:4)
  A worker ant (D:4)
  A gnoll (D:4)
  4 adders
  A river rat (D:4)
  An ooze (D:3)
  A worm (D:4)
  3 leopard geckos
  10 orcs
  3 giant cockroaches
  6 goblins
  3 hobgoblins (D:1)
  13 jackals
  4 kobolds
  A quokka (D:3)
  A ball python (D:3)
  A ball python skeleton (D:4)
  7 bats
  4 rats
66 creatures vanquished.

Notes
Turn   | Place    | Note
-------+----------+-------------------------------------------
     0 | D:1      | namelastname112 the Draconian Gladiator began the quest for
                  | the Orb.
     0 | D:1      | Reached XP level 1. HP: 17/17 MP: 1/1
    95 | D:1      | Reached XP level 2. HP: 11/25 MP: 2/2
   932 | D:2      | Found a deep blue altar of Sif Muna.
   934 | D:2      | Found a sparkling altar of Nemelex Xobeh.
  1019 | D:2      | Found a shattered altar of Ashenzari.
  1035 | D:2      | Reached XP level 3. HP: 28/30 MP: 3/3
  1739 | D:3      | Reached XP level 4. HP: 37/37 MP: 4/4
  1850 | D:3      | Found a blossoming altar of Fedhas.
  1854 | D:3      | Reached skill level 4 in Long Blades
  1940 | D:4      | Noticed an ogre
  1941 | D:4      | Noticed an ice beast
  2219 | D:4      | Noticed a sky beast
  2240 | D:4      | Killed a sky beast
  2240 | D:4      | Reached XP level 5. HP: 20/45 MP: 5/5
  2268 | D:4      | Found a hide-covered altar of Uskayaw.
  2269 | D:4      | Noticed a dagger
  2270 | D:4      | Noticed a dagger
  2308 | D:4      | Noticed an ogre
  2315 | D:4      | Noticed an ogre
  2387 | D:4      | Gained mutation: You do not regenerate when monsters are
                  | visible. [potion of mutation]
  2387 | D:4      | Gained mutation: You are robust. (+10% HP) [potion of
                  | mutation]
  2387 | D:4      | Gained mutation: Your flesh is heat resistant. (rF+)
                  | [potion of mutation]
  2387 | D:4      | Gained mutation: Your spells are a little harder to cast,
                  | but a little more powerful. [potion of mutation]
  2400 | D:4      | Found a glowing drain.
  2406 | Sewer    | Entered a sewer
  2421 | Sewer    | HP: 3/73 [poisoned by an adder]
  2429 | Sewer    | HP: 1/73 [poisoned by an adder]
  2434 | Sewer    | Slain by a bat

Vault maps used:
D:1:      minmay_arrival_doors
D:2:      overflow_temple_1_default, nemelex_xobeh_ov_fountains_minmay,
          ashenzari_altar_1
D:3:      nicolae_overflow_crystal_walls
D:4:      lemuel_castle_with_subvaults, dancing_weapons_uskayaw,
          gup_sewer_entry_bubbles, uniq_grinder
Sewer:    sewer_big_baddie

Skill      XL: |  1  2  3  4  5 |
---------------+----------------+-----
Throwing       | 2 3 |  3.0
Dodging        | 3 |  3.6
Fighting       | 3 |  3.6
Long Blades    | 4 |  4.8

Action                   |  1- 3 |  4- 6 || total
-------------------------+-------+-------++-------
Melee: Long sword        |    61 |       ||    61
       Tailslap          |    12 |    17 ||    29
       Short sword       |    28 |   115 ||   143
       Unarmed           |       |    25 ||    25
Throw: Throwing net      |     1 |       ||     1
  Use: Potion            |       |     9 ||     9
       Scroll            |       |     2 ||     2
 Stab: Held in net/web   |     1 |       ||     1
  Eat: Chunk             |     4 |     9 ||    13
Armor: Skin              |    21 |    65 ||    86
Dodge: Dodged            |   104 |   146 ||   250
       Rpst.: Long sword |    12 |       ||    12

Table legend:
 A = Non-vault XP
 B = Vault XP
 C = Vault XP percentage of total XP
 D = Non-vault monster count
 E = Vault monster count
 F = Vault count percentage of total count
                 A         B        C        D         E       F
            +---------+---------+-------+---------+---------+-------
      Total |     315 |      62 |  16.4 |      46 |      20 |  30.3
            +---------+---------+-------+---------+---------+-------
        D:1 |      28 |       0 |   0.0 |      14 |       0 |   0.0
        D:2 |      55 |       0 |   0.0 |      15 |       0 |   0.0
        D:3 |      56 |       0 |   0.0 |      13 |       0 |   0.0
        D:4 |     176 |      58 |  24.8 |       4 |      17 |  81.0
      Sewer |       0 |       4 | 100.0 |       0 |       3 | 100.0
            +---------+---------+-------+---------+---------+-------
